[Event "German-ch Blitz Women 2022"]
[Site "Magdeburg"]
[Date "2022.08.13"]
[Round "18.12"]
[White "Fock, Sana"]
[Black "Schuster, Rebekka"]
[Result "1/2-1/2"]
[ECO "C05"]
[WhiteElo "1807"]
[BlackElo "1815"]
[Annotator "NA RC COMBH"]
[PlyCount "72"]
[EventDate "2022.08.10"]
[EventType "tourn"]
[EventCountry "GER"]
[SourceTitle "playchess.com"]
[Source "ChessBase"]
[SourceQuality "1"]
[TimeControl "180+2"]

1. e4 e6 2. d4 d5 3. Nd2 Nf6 4. e5 Nfd7 5. Bd3 c5 6. c3 Nc6 7. Ne2 Be7 8. O-O O-O 9. Nf3 f6 10. exf6 Nxf6 11. Re1 Bd6 12. Bf4 Re8 13. dxc5 Bxc5 14. Ne5 Bd6 15. Nd4 Qc7 16. Ndxc6 bxc6 17. Bg3 c5 18. Rc1 c4 19. Bb1 Nd7 20. Qh5 Nf6 21. Qh4 Rb8 22. Ng4 Bxg3 23. hxg3 Qe7 24. Nxf6+ gxf6 25. Qg4+ Qg7 26. Qxg7+ Kxg7 27. Re2 Bd7 28. Rd1 Rbd8 29. b3 cxb3 30. axb3 Rc8 31. c4 Bc6 32. cxd5 Bxd5 33. b4 Rb8 34. Rd4 Rec8 35. Kh2 Rc4 36. Rxc4 Bxc4 1/2-1/2

[Event "German-ch Blitz Women 2022"]
[Site "Magdeburg"]
[Date "2022.08.13"]
[Round "19.1"]
[White "Schuster, Rebekka"]
[Black "Paehtz, Elisabeth"]
[Result "0-1"]
[ECO "B90"]
[WhiteElo "1815"]
[BlackElo "2484"]
[Annotator "TA"]
[PlyCount "52"]
[EventDate "2022.08.10"]
[EventType "tourn"]
[EventCountry "GER"]
[SourceTitle "playchess.com"]
[Source "ChessBase"]
[SourceQuality "1"]
[TimeControl "180+2"]

1. e4 c5 2. Nf3 d6 3. d4 cxd4 4. Nxd4 Nf6 5. Nc3 a6 6. f3 e5 7. Nb3 Be6 8. Be3 h5 9. Qd2 Nbd7 10. O-O-O Rc8 11. Kb1 {[%emt 0:00:20] B90: Sicilian Najdorf: Unusual White 6th moves, 6 Be3 Ng4 and 6 Be3 e5.} b5 12. Nd5 Bxd5 13. exd5 {[%emt 0:00:02] The position is equal.} Qc7 {[%emt 0:00:05] [#]} (13... Nb6 $11) 14. Bd3 $146 ({White should try} 14. c4 $16) ({Predecessor:} 14. Rc1 Nb6 15. Bxb6 Qxb6 16. c4 b4 17. c5 dxc5 18. Bc4 Bd6 19. Qe2 O-O 20. Bxa6 {0-1 (46) Solovchuk,A (2301)-Kuzubov,Y (2643) Chess.com INT 2020}) 14... g6 15. Be4 Nb6 16. Bg5 Nc4 17. Qe2 Bg7 18. f4 $2 {[%emt 0:00:08][%mdl 8192] Now White is beyond hope.} (18. c3 $11 {and White is okay.}) 18... Nxe4 $19 19. Qxe4 f5 20. Qe2 {[%emt 0:00:06] [#]} O-O (20... Nxb2 $142 $1 21. fxe5 Bxe5) 21. fxe5 dxe5 22. Rhe1 (22. Bc1 $142) 22... Qd6 23. Be3 (23. Bc1 $142) 23... a5 {[%emt 0:00:06][%cal Ba6a5,Ba5a4][%mdl 32] ...a4 is the strong threat.} ({And not} 23... e4 24. Bd4 $17) 24. Bf2 $2 (24. Qf2 Rfd8 25. c3) 24... a4 25. Nc1 {[%emt 0:00:01] [#]} e4 (25... Nxb2 $142 $1 {[%mdl 512] Hoping for ...Nc4.} 26. Rd2 (26. Kxb2 Qb4+) 26... Nc4) 26. Bg3 {[%emt 0:00:09] [#]} Qb4 {[%emt 0:00:06] Weighted Error Value: White=1.55/Black=0.67} (26... Na3+ $142 $1 27. bxa3 Qf6 28. c3 Qxc3 29. Be5 Bxe5 30. Nb3 axb3 31. Rd4 Bxd4 32. axb3 Qa1#) 0-1

[Event "German-ch Blitz Women 2022"]
[Site "Magdeburg"]
[Date "2022.08.13"]
[Round "19.2"]
[White "Zschischang, Marine"]
[Black "Fock, Sana"]
[Result "0-1"]
[ECO "D51"]
[WhiteElo "2083"]
[BlackElo "1807"]
[Annotator "NA RC"]
[PlyCount "99"]
[EventDate "2022.08.10"]
[EventType "tourn"]
[EventCountry "GER"]
[SourceTitle "playchess.com"]
[Source "ChessBase"]
[SourceQuality "1"]
[TimeControl "180+2"]

1. d4 d5 2. c4 e6 3. Nc3 Nf6 4. Bg5 Nbd7 5. cxd5 exd5 6. e3 c6 7. Nf3 Be7 8. Bd3 h6 9. Bh4 O-O 10. Qc2 Re8 11. h3 b6 12. g4 Ne4 13. Bxe7 Qxe7 14. Bxe4 dxe4 15. Nd2 Nf6 16. O-O-O c5 17. dxc5 Qxc5 18. Kb1 Ba6 19. Nb3 Qc7 20. Nc1 Rac8 21. Rd4 b5 22. Rhd1 Rcd8 23. Rxd8 Rxd8 24. Rxd8+ Qxd8 25. Nxe4 b4 26. Nxf6+ Qxf6 27. b3 Bb7 28. f4 Qe6 29. Qd2 Be4+ 30. Kb2 Qf6+ 31. Qd4 Qxd4+ 32. exd4 Bg2 33. h4 Bf3 34. g5 hxg5 35. hxg5 f6 36. gxf6 gxf6 37. Nd3 a5 38. Ne1 Be4 39. Kc1 Kf7 40. Nc2 Ke6 41. Ne3 Bd3 42. Kb2 Be4 43. a3 Bd5 44. axb4 axb4 45. Kc2 Kd6 46. Nxd5 Kxd5 47. Kd3 f5 48. Ke3 Ke6 49. Kd2 Kd6 50. Kc2 0-1

[Event "German-ch Blitz Women 2022"]
[Site "Magdeburg"]
[Date "2022.08.13"]
[Round "19.3"]
[White "Staerk, Elisa"]
[Black "Heil, Marina"]
[Result "1-0"]
[ECO "A80"]
[WhiteElo "1947"]
[BlackElo "1926"]
[Annotator "TA"]
[PlyCount "13"]
[EventDate "2022.08.10"]
[EventType "tourn"]
[EventCountry "GER"]
[SourceTitle "playchess.com"]
[Source "ChessBase"]
[SourceQuality "1"]
[TimeControl "180+2"]

1. d4 f5 2. h3 Nf6 3. g4 fxg4 4. hxg4 Nxg4 5. Qd3 Nf6 $2 {[%emt 0:00:07][%mdl 8192] [#]} (5... g6 $14) 6. Rxh7 $3 $18 {[%emt 0:00:01][%mdl 576] [#] Remove Defender. A80: Dutch Defence: Unusual White second moves.} Rxh7 $146 (6... d5 7. Rxh8) ({Predecessor:} 6... d6 7. Qg6+ Kd7 8. Rxh8 Nc6 9. Bh3+ e6 10. Qf7+ Ne7 11. Rxf8 {1-0 (11) Vinas Lopez,C (1894)-Villarroya Samaniego,J (1358) Madrid 2017}) 7. Qg6# 1-0

[Event "German-ch Blitz Women 2022"]
[Site "Magdeburg"]
[Date "2022.08.13"]
[Round "19.4"]
[White "Melamed, Tatjana"]
[Black "Leveikina, Jevgenija"]
[Result "1-0"]
[ECO "B10"]
[WhiteElo "2380"]
[BlackElo "2061"]
[Annotator "TA"]
[PlyCount "107"]
[EventDate "2022.08.10"]
[EventType "tourn"]
[EventCountry "GER"]
[SourceTitle "playchess.com"]
[Source "ChessBase"]
[SourceQuality "1"]
[TimeControl "180+2"]

1. e4 c6 2. Nf3 d5 3. exd5 cxd5 4. Ne5 Nc6 5. d4 Nf6 6. Bb5 {[%emt 0:00:03] B10: Caro-Kann: 2 d3 and 2 c4.} Bd7 7. Nxd7 Qxd7 8. O-O {[%emt 0:00:02] The position is equal.} e6 9. c3 Bd6 10. Bd3 O-O 11. Nd2 a6 12. Re1 b5 13. a3 {[%emt 0:00:04] [#]} Na5 $146 ({Predecessor:} 13... Rab8 14. Nf3 a5 15. Ne5 Qc7 16. Nxc6 Qxc6 17. Bg5 Be7 18. Qf3 h6 19. Bf4 Rbc8 {½-½ (31) Cernousek,L (2369)-Wojtaszek,R (2487) Cartak 2004}) 14. Nf3 Nc4 15. Qe2 Qc7 16. h3 a5 17. b3 Nb6 18. Bd2 b4 $2 (18... a4 $11) 19. cxb4 axb4 20. axb4 ({Of course not} 20. Bxb4 $6 Bxb4 21. axb4 Rxa1 22. Rxa1 Qc3 $11) 20... Qe7 (20... Ne4 $16 {is a better defense.}) 21. Ne5 ({White should try} 21. b5 $18) 21... Bxe5 (21... Ne4 $16) 22. Qxe5 Nfd7 (22... Ne4 $16 23. Bxe4 dxe4) 23. Qh5 {[%emt 0:00:08][%csl Gd3][%cal Rh5h7] [#]} g6 24. Qe2 Qf6 25. Be3 Rfc8 26. Rec1 Rxa1 27. Rxa1 Rc3 28. Qd2 Rc7 (28... Rxb3 $2 29. Bc2 Rb2 30. Qc3 $18) 29. Rc1 Ra7 30. g3 Ra3 31. Qb2 Ra7 32. h4 h5 33. Kg2 Qe7 34. Qc3 Ra2 35. Bf4 Qf6 36. Rc2 Ra7 37. Be5 Qe7 (37... Nxe5 $142 38. dxe5 Qd8) 38. b5 f6 $2 (38... Nxe5 {is more resistant.} 39. dxe5 Kg7) 39. Bc7 $18 Kf7 40. Bxb6 (40. Qc6 $142) 40... Nxb6 41. Qc6 Nd7 (41... Rb7 42. Re2 Rb8) 42. b6 Ra3 43. Re2 Rxb3 {[%emt 0:00:04] [#]} 44. Rxe6 $4 Qxe6 $19 45. Bxg6+ Ke7 46. Qa4 (46. Qc2 {was the only chance.} Qxb6 47. Qe2+ Qe6 48. Qxh5) 46... Rxb6 47. Qa3+ Qd6 48. Qe3+ Qe6 49. Qa3+ Qd6 $2 (49... Kd8 $19 {...f5 is the strong threat.} 50. Qa8+ Kc7 51. Qa7+ Kc8 52. Qa8+ Rb8) 50. Qf3 $2 (50. Qe3+ $1 $11 {and White has nothing to worry.} Qe6 51. Qa3+) 50... Rb2 51. Qe3+ Qe6 $4 (51... Kd8 $19 {Hoping for ...Qe7.} 52. Qe8+ Kc7) 52. Qa3+ $18 Kd8 {[%emt 0:00:04] Strongly threatening ...Qe2.} 53. Qxb2 Qe2 (53... Qg4 $18) 54. Qxe2 {[%emt 0:00:01] Both players deserved the win here.  Weighted Error Value: White=0.60/Black=0.86} 1-0

[Event "German-ch Blitz Women 2022"]
[Site "Magdeburg"]
[Date "2022.08.13"]
[Round "19.5"]
[White "Schulze, Lara"]
[Black "Kosovska, Olena"]
[Result "0-1"]
[ECO "B30"]
[WhiteElo "2292"]
[BlackElo "1831"]
[Annotator "TA"]
[PlyCount "87"]
[EventDate "2022.08.10"]
[EventType "tourn"]
[EventCountry "GER"]
[SourceTitle "playchess.com"]
[Source "ChessBase"]
[SourceQuality "1"]
[TimeControl "180+2"]

1. e4 c5 2. Nf3 Nc6 3. Bb5 e6 4. O-O Be7 5. Re1 d6 6. c3 Nf6 7. d4 {[%emt 0:00:01] B51: Sicilian: Moscow Variation (3 Bb5+) without 3...Bd7.} cxd4 8. cxd4 O-O 9. Nc3 {[%emt 0:00:01] White has an edge.} Bd7 10. h3 Rc8 11. Be3 a6 12. Bf1 (12. Bd3 $14) 12... b5 {[%emt 0:00:01] [#]} (12... d5 $11) 13. Bf4 $146 ({Predecessor:} 13. d5 exd5 14. exd5 Ne5 15. Nxe5 dxe5 16. d6 Bc6 17. dxe7 Qxe7 18. a3 Rfd8 19. Qe2 {1-0 (28) Musso,H (1811)-Chamlian,A (1684) Montevideo 2014}) 13... Qb6 14. e5 Ne8 15. Ne4 (15. Rc1 $14) 15... d5 (15... Nb4 $1 $11) 16. Nc3 (16. Nc5 $5 Qa7 17. Nxd7 Qxd7 18. a4 $16) 16... Na5 17. Bd3 f5 18. exf6 Nxf6 19. Ne5 Be8 20. Bg3 Nc4 21. Bxc4 bxc4 22. Qd2 Rb8 23. Rab1 Bb4 24. f3 Nh5 25. Bh2 a5 26. a3 Bd6 27. Ne2 Qc7 28. Rbc1 Rb3 29. Nc3 Nf6 30. Rc2 Nd7 (30... Bg6 $5 31. Rcc1 Rfb8 $15) 31. f4 $2 {[%emt 0:00:08] [#]} ({Better is} 31. Qf2 $15) 31... Nf6 $2 ({Black should try} 31... Nxe5 $1 $19 32. fxe5 Be7) 32. Qe2 Bh5 33. g4 Be8 34. Kh1 Qb7 35. Rd2 $2 {[%emt 0:00:02][%mdl 8192] [#]} (35. f5 $15) 35... Nd7 $2 (35... Bxa3 $1 $19 36. bxa3 (36. g5 Bxb2) 36... Rxc3) 36. Nxd7 $17 Bxd7 37. Qg2 $2 (37. f5 $1 $15 Bxh2 38. Qxh2 exf5 39. Rf2) 37... Bxf4 38. Bxf4 Rxf4 39. Ne2 (39. Ree2 $142) 39... Re4 40. Kh2 $2 (40. Rf1 Qb8 41. Nc3) 40... Rxb2 {[%emt 0:00:03] Black is clearly winning.} 41. Rxb2 Qxb2 42. Qf3 Qb3 43. Qf2 Qd3 44. Rf1 {Weighted Error Value: White=0.78/Black=0.50} 0-1

[Event "German-ch Blitz Women 2022"]
[Site "Magdeburg"]
[Date "2022.08.13"]
[Round "19.6"]
[White "Nikolaeva, Mariya A"]
[Black "Falke, Ornella"]
[Result "0-1"]
[ECO "C02"]
[WhiteElo "1309"]
[BlackElo "1912"]
[Annotator "TA"]
[PlyCount "115"]
[EventDate "2022.08.10"]
[EventType "tourn"]
[EventCountry "GER"]
[SourceTitle "playchess.com"]
[Source "ChessBase"]
[SourceQuality "1"]
[TimeControl "180+2"]

1. e4 e6 2. d4 d5 3. e5 c5 4. c3 Nc6 5. Nf3 Qb6 6. a3 c4 {The main line 6...c4 scores better than 6...Nh6.} 7. Nbd2 Bd7 8. g3 (8. b3 $14) 8... Nh6 {C02: French: Advance Variation.} 9. Bg2 Na5 10. O-O Be7 {[#] The position is equal.} 11. h3 $146 ({Predecessor:} 11. Re1 Nf5 12. Rb1 Rc8 13. Qc2 O-O 14. Nf1 Qb3 15. Qe2 Ba4 16. g4 Nh4 17. Nxh4 Bxh4 {0-1 (49) Delgado Ramirez,N (2619)-Kovalenko,I (2646) Batumi 2018}) 11... Nf5 12. Nh2 h5 13. Rb1 Nb3 14. Nxb3 cxb3 (14... Ba4 $11) 15. Be3 ({White should try} 15. Bf3 $16) 15... Bb5 (15... Nxe3 $15 16. fxe3 f5) 16. Re1 $14 Bc4 17. Nf3 Qd8 18. Nd2 Bd3 19. Qxb3 (19. Ra1 $14) 19... Bxb1 $11 20. Rxb1 Qc7 21. Bf1 (21. Re1 $11 {keeps the balance.}) 21... Nxe3 $17 22. fxe3 Bg5 (22... f6 $17 {Threatens to win with ...0-0-0.} 23. Bb5+ Kd8) 23. Bb5+ Kf8 (23... Kd8 $5 24. Kf2 h4 $11) 24. Nf1 (24. Kf2 $11 {remains equal.}) 24... a6 25. Bd3 h4 26. g4 g6 ({Better is} 26... f6 $17 27. exf6 Rh6 28. Qb4+ Kg8) 27. Qc2 (27. e4 $11 {should be considered.}) 27... Kg7 $15 28. Re1 b5 ({Black should play} 28... Raf8 $15) 29. Nh2 $11 Rab8 $36 {[%mdl 2048] White is under pressure.} 30. Nf3 Be7 31. Rf1 a5 32. Qf2 b4 33. axb4 axb4 34. Nh2 $2 {[%mdl 8192] Black keeps a firm grip on the game.} (34. c4 $1 $11 {and White is okay.}) 34... Rhf8 $19 35. cxb4 Rxb4 36. Nf3 Qb7 37. g5 ({Wrong is} 37. Nxh4 $2 Rxb2 38. Bc2 Bxh4 39. Qxh4 Rxc2 $19) 37... Rxb2 38. Qxh4 Rh8 {Inhibits Qh6+.} 39. Qg3 (39. Qf4) 39... Qb3 40. Ne1 Rd2 41. Qf3 (41. Ba6 {keeps fighting.}) 41... Rf8 42. Be2 Bxg5 {Really sharp!} 43. Ng2 Qc2 44. Rf2 Qf5 45. Qg3 {[#]} Qb1+ 46. Kh2 Be7 47. Nf4 (47. Qf3 $142) 47... Rh8 {White must now prevent ...Bh4.} 48. Rg2 Bh4 49. Qg4 Qf5 (49... Qe4 $142 50. Qf3 Qxf3 51. Bxf3 Bf2 52. Nh5+ Kf8) 50. Qf3 $2 (50. Qxf5 exf5 51. e6) 50... Bg5 {aiming for ...Bxf4+.} 51. Qg3 Bxf4 52. exf4 Qe4 53. Bf3 Rxg2+ 54. Qxg2 Qxd4 {[#] Hoping for ...Rb8.} 55. Kg3 Qd3 56. h4 Qf5 57. Kf2 Rxh4 58. Qg3 {Weighted Error Value: White=0.80/Black=0.36} 0-1

[Event "German-ch Blitz Women 2022"]
[Site "Magdeburg"]
[Date "2022.08.13"]
[Round "19.7"]
[White "Zhou, Lepu Coco"]
[Black "Stangl, Anita"]
[Result "1-0"]
[ECO "C14"]
[WhiteElo "1986"]
[BlackElo "2023"]
[Annotator "NA RC"]
[PlyCount "101"]
[EventDate "2022.08.10"]
[EventType "tourn"]
[EventCountry "GER"]
[SourceTitle "playchess.com"]
[Source "ChessBase"]
[SourceQuality "1"]
[TimeControl "180+2"]

1. e4 e6 2. d4 d5 3. Nc3 Nf6 4. Bg5 Be7 5. e5 Nfd7 6. Bxe7 Qxe7 7. f4 a6 8. Qg4 g6 9. Nf3 c5 10. h4 Nc6 11. O-O-O cxd4 12. Nxd4 Nxd4 13. Rxd4 Qc5 14. Qd1 b5 15. g4 Bb7 16. Bg2 Nb6 17. f5 Nc4 18. Re1 Rc8 19. fxe6 fxe6 20. g5 Nxb2 21. Kxb2 Qxc3+ 22. Kb1 Rf8 23. Rd3 Qb4+ 24. Rb3 Qxh4 25. Rh1 Qxg5 26. Bf3 h5 27. Rg1 Qf5 28. Bg2 Qxe5 29. Re1 Qf5 30. Bh3 Qg5 31. Bxe6 Kd8 32. Bxc8 Kxc8 33. Rc3+ Kb8 34. Qe2 Ka8 35. Rc7 Qf4 36. Qe7 Rb8 37. Re6 Qf1+ 38. Kb2 b4 39. Rf6 Qb5 40. Rxg6 a5 41. Qd6 a4 42. Rc5 a3+ 43. Kb3 Qc4+ 44. Rxc4 dxc4+ 45. Kxc4 Rc8+ 46. Kb3 Rc3+ 47. Kxb4 Rxc2 48. Rg8+ Ka7 49. Qd4+ Ka6 50. Rg6+ Bc6 51. Qd3+ 1-0

[Event "German-ch Blitz Women 2022"]
[Site "Magdeburg"]
[Date "2022.08.13"]
[Round "19.8"]
[White "Muetsch, Annmarie"]
[Black "Wulf, Constanze"]
[Result "1-0"]
[ECO "B01"]
[WhiteElo "2249"]
[BlackElo "1835"]
[Annotator "TA"]
[PlyCount "48"]
[EventDate "2022.08.10"]
[EventType "tourn"]
[EventCountry "GER"]
[SourceTitle "playchess.com"]
[Source "ChessBase"]
[SourceQuality "1"]
[TimeControl "180+2"]

1. e4 d5 2. exd5 Qxd5 3. Nc3 Qd6 4. Bc4 Nf6 5. d3 a6 6. a4 {[%emt 0:00:02] B01: Scandinavian Defence.} e6 7. Nge2 {[%emt 0:00:02] [#]} Be7 $146 ({Predecessor:} 7... b6 8. O-O Bb7 9. f3 Be7 10. Ng3 O-O 11. Qe1 Qd8 12. Nge4 Nbd7 13. Ne2 Nxe4 14. fxe4 {1-0 (28) Salahidi,R (1730)-Tsamantani,E (1346) Porto Rio 2014}) 8. Bf4 {[%emt 0:00:07] The position is equal.} Qd8 9. O-O O-O 10. Ng3 c5 11. Qe2 Nc6 12. Nce4 b6 (12... Nd5 $5 13. Bd2 Nb6 $15) 13. c3 Bb7 (13... Nd5 $5 14. Bc1 Rb8 $11) 14. Bb3 ({White should play} 14. Nxf6+ $11 Bxf6 15. Nh5) 14... Re8 (14... Nd5 $15 15. Bd2 Na5) 15. Rad1 (15. Nxf6+ $11 Bxf6 16. Ne4) 15... b5 (15... Nd5 $15 16. Nh5 Nxf4 17. Nxf4 Na5) 16. Bc2 (16. Nxf6+ $14 Bxf6 17. Rfe1) 16... Qb6 (16... Nd5 $11 {keeps the balance.} 17. Be3 Nxe3 18. Qxe3 Qd5) 17. Nxf6+ $16 Bxf6 18. Ne4 (18. d4 $16) 18... Be7 $1 $14 19. Qh5 {[%emt 0:00:14][%cal Od3d4] Strongly threatening d4!} h6 $2 ({Black should try} 19... f5 $14) 20. Qh3 $2 (20. d4 $18 {[%cal Rd4c5] and White stays clearly on top.} c4 21. Bxh6 $1 ) 20... Rad8 (20... f5 $16) 21. Qg3 $18 {[%emt 0:00:03] Bxh6 is the strong threat.} Kh8 (21... Kf8 $142) 22. Nd2 $2 {[%emt 0:00:14] [#]} (22. Bc7 $18 Qa7 23. axb5 (23. Bxd8 Rxd8 24. axb5 axb5 $16) 23... axb5 24. Ra1) 22... bxa4 $2 (22... e5 $1 $17 {[%cal Re5f4] stays on course.} 23. Be3 {[#]} (23. Bxe5 Nxe5 24. Qxe5 Bg5 $15) 23... Nd4 $1 24. cxd4 cxd4 25. axb5 (25. Qxe5 $2 dxe3 26. Qxe3 Qc6 $19) 25... axb5) 23. Nc4 $16 Qb5 24. Ra1 {[%emt 0:00:02][%mdl 1024] White has strong compensation. White is more active.} Na5 $2 {Weighted Error Value: White=0.68/Black=0.72} (24... a5 $16 25. Bxa4 Qa6 26. Nxa5 Rxd3 27. Bxc6 Rxg3 28. Bxb7 Rxg2+ 29. Bxg2 Qe2) 1-0

[Event "German-ch Blitz Women 2022"]
[Site "Magdeburg"]
[Date "2022.08.13"]
[Round "19.9"]
[White "Daemering, Katrin"]
[Black "Doll, Rebecca"]
[Result "1-0"]
[ECO "C54"]
[WhiteElo "1965"]
[BlackElo "1933"]
[Annotator "TA"]
[PlyCount "90"]
[EventDate "2022.08.10"]
[EventType "tourn"]
[EventCountry "GER"]
[SourceTitle "playchess.com"]
[Source "ChessBase"]
[SourceQuality "1"]
[TimeControl "180+2"]

1. e4 e5 2. Nf3 Nc6 3. Bc4 Bc5 4. c3 Nf6 5. O-O d6 6. d4 Bb6 7. dxe5 {[%emt 0:00:12] 7.a4 is not played anymore.} Nxe5 8. Nxe5 dxe5 9. Qxd8+ {[%emt 0:00:02] C50: Hungarian Defence and Giuoco Pianissimo.} Kxd8 10. Bg5 Ke7 11. Nd2 {[%emt 0:00:08] The position is equal.} h6 12. Bxf6+ gxf6 {[%emt 0:00:02] [#]} 13. h3 $146 ({Predecessor:} 13. Rfe1 a6 14. Kf1 h5 15. Bb3 h4 16. Nc4 Bc5 17. Ne3 c6 18. h3 Be6 19. Rad1 {1-0 (53) Roberson,P (2425)-Li,B (2361) Chess.com INT 2022}) 13... Rg8 {[%emt 0:00:04] aiming for ...Bxh3.} 14. Kh2 Be6 (14... a5 {is interesting.} 15. Nf3 Bd7 16. Rad1 Rad8) 15. Bxe6 fxe6 16. Nc4 Rad8 17. a4 c6 18. a5 Bc7 19. a6 $2 (19. Rfd1 $11) 19... b5 $19 20. Ne3 Rd2 21. b4 Bb6 22. Rae1 {[%emt 0:00:01] [#]} Rgd8 $1 23. Ng4 h5 24. Ne3 Bxe3 $2 (24... R8d3 $19 25. c4 Rb2) 25. Rxe3 {[%emt 0:00:02][%mdl 4096] Endgame KRR-KRR} Ra2 26. Rg3 Kf7 {[%emt 0:00:06] Prevents Rg7+.} 27. f4 exf4 (27... Rxa6 $2 28. fxe5 f5 29. exf5 $18) 28. Rxf4 Rxa6 29. Rgf3 f5 30. exf5 e5 31. Rh4 Ra2 (31... Rh8 $11) 32. Rxh5 $16 Rdd2 (32... e4 $16 {might work better.} 33. Re3 Rdd2) 33. Rg5 e4 {[%emt 0:00:18] [#]} 34. Re3 Kf6 (34... Ra3 $142 35. Rgg3 (35. Rxe4 Rxc3 36. h4 c5 $16) 35... Rf2 36. Rxe4 a5 37. bxa5 Rxf5) 35. h4 $18 Rf2 36. Rxe4 {[%emt 0:00:09] Black must now prevent Re6+.} Rxf5 37. Rg8 {[%emt 0:00:08] Strongly threatening Rf8+.} Rff2 (37... Kf7 $142 38. Rc8 c5 39. bxc5 Rff2 40. Rc7+ Kf6) 38. Rd4 a5 39. Rd6+ Ke7 $2 (39... Kf7 40. Rg5 axb4) 40. Rxc6 a4 (40... Rf6 $142) 41. Rg7+ $2 (41. h5 {h6 would kill now.} Kf7 42. Rcc8) 41... Kf8 42. Rg5 {[%emt 0:00:11] Threatens to win with h5.} a3 (42... Rae2 {was called for.} 43. h5 (43. Rxb5 Rxg2+ 44. Kh3 Rh2+ 45. Kg3 Reg2+ 46. Kf3 Rf2+ 47. Ke3 Re2+ 48. Kd3 Rd2+ 49. Kc4 Rxh4+ 50. Kc5 Rd8 $18) 43... Re8 44. Rxb5 a3) 43. Ra6 Rfc2 44. h5 Rxc3 45. Rxb5 (45. h6 $142 {Threatening mate with h7.} Rc4 46. Rxb5) 45... Rb2 {White used his chance.  Weighted Error Value: White=0.63/Black=0.69} (45... Rac2 $18 46. Rb7 a2 47. Ra8+ Rc8) 1-0

[Event "German-ch Blitz Women 2022"]
[Site "Magdeburg"]
[Date "2022.08.13"]
[Round "19.10"]
[White "Khrapko, Marharyta"]
[Black "Kunze, Kerstin"]
[Result "1-0"]
[ECO "C92"]
[WhiteElo "2128"]
[BlackElo "2020"]
[Annotator "NA RC"]
[PlyCount "94"]
[EventDate "2022.08.10"]
[EventType "tourn"]
[EventCountry "GER"]
[SourceTitle "playchess.com"]
[Source "ChessBase"]
[SourceQuality "1"]
[TimeControl "180+2"]

1. e4 e5 2. Nf3 Nc6 3. Bb5 a6 4. Ba4 Nf6 5. O-O b5 6. Bb3 Be7 7. Re1 O-O 8. h3 d6 9. c3 Bb7 10. d4 Nd7 11. a4 Na5 12. Bc2 c5 13. Na3 bxa4 14. Bxa4 Nb6 15. dxe5 dxe5 16. Nxe5 Qc7 17. Nf3 Rfd8 18. Qc2 Rac8 19. Nb1 c4 20. Be3 Bc5 21. Bxc5 Qxc5 22. Qe2 Nxa4 23. Rxa4 Bc6 24. Ra3 Rb8 25. Nd4 Be8 26. Ra2 Rb7 27. Nd2 Rdb8 28. N2f3 Bd7 29. Rea1 Nb3 30. Nxb3 cxb3 31. Rxa6 Bb5 32. Qd1 Bxa6 33. Rxa6 Qe7 34. e5 Rd8 35. Qe2 Rbd7 36. Kh2 Qc5 37. Ra3 Qb6 38. Ra1 Ra7 39. Rf1 Ra2 40. Nd4 Qc7 41. Nxb3 Rb8 42. Qc2 Qxe5+ 43. f4 Qd5 44. Nd4 Rbxb2 45. Qd3 h6 46. Rg1 Rxg2+ 47. Rxg2 Qxg2# 1-0

[Event "German-ch Blitz Women 2022"]
[Site "Magdeburg"]
[Date "2022.08.13"]
[Round "19.11"]
[White "Grabowski, Petra"]
[Black "Rath, Alina"]
[Result "1/2-1/2"]
[ECO "D32"]
[WhiteElo "1643"]
[BlackElo "2062"]
[Annotator "NA RC"]
[PlyCount "84"]
[EventDate "2022.08.10"]
[EventType "tourn"]
[EventCountry "GER"]
[SourceTitle "playchess.com"]
[Source "ChessBase"]
[SourceQuality "1"]
[TimeControl "180+2"]

1. d4 d5 2. c4 e6 3. Nc3 c5 4. dxc5 d4 5. Ne4 Bxc5 6. Nxc5 Qa5+ 7. Bd2 Qxc5 8. b3 Nc6 9. e3 e5 10. Bd3 Nf6 11. Qc2 Be6 12. Nf3 Rd8 13. O-O O-O 14. exd4 Nxd4 15. Nxd4 exd4 16. a3 Qh5 17. Rfe1 Ng4 18. h3 Nf6 19. Be4 Nxe4 20. Qxe4 b6 21. Rad1 h6 22. Qd3 Bf5 23. Qg3 Rde8 24. b4 Re2 25. Kf1 Rxe1+ 26. Rxe1 Be6 27. Qf4 Bxc4+ 28. Kg1 Qd5 29. Qg4 Kh8 30. Qh4 Bd3 31. Bc1 Bg6 32. Rd1 d3 33. Bd2 Kh7 34. Qf4 Qb3 35. Qf3 Qxa3 36. Be1 Qb3 37. h4 Re8 38. h5 Be4 39. Qf4 Qxd1 40. Qe3 Bc6 41. Qd4 Qxe1+ 42. Kh2 Qe5+ 1/2-1/2

[Event "German-ch Blitz Women 2022"]
[Site "Magdeburg"]
[Date "2022.08.13"]
[Round "19.12"]
[White "Braun, Kristin"]
[Black "Skibbe, Diana"]
[Result "0-1"]
[ECO "C50"]
[WhiteElo "1897"]
[BlackElo "1943"]
[Annotator "TA"]
[PlyCount "46"]
[EventDate "2022.08.10"]
[EventType "tourn"]
[EventCountry "GER"]
[SourceTitle "playchess.com"]
[Source "ChessBase"]
[SourceQuality "1"]
[TimeControl "180+2"]

1. e4 e5 2. Nf3 Nc6 3. Bc4 Nf6 4. d3 Bc5 5. c3 O-O 6. Nbd2 h6 {[%emt 0:00:07] C54: Giuoco Piano: 4 c3 Nf6, main lines with 5 d4 and 5 d3.} 7. h3 d6 8. g4 (8. b4 $11 Bb6 9. a4) 8... Be6 ({Better is} 8... Ne7 $15) 9. Bb3 Bxb3 10. axb3 Bb6 11. Nf1 d5 {[%emt 0:00:04] [#]} 12. exd5 $146 (12. Qe2 $11 {keeps the balance.}) ({Predecessor:} 12. Qe2 Qd7 13. Ng3 Rad8 14. g5 dxe4 15. dxe4 hxg5 16. Bxg5 Qd3 17. Bxf6 gxf6 18. Qxd3 Rxd3 {1-0 (33) Bologan,V (2700)-Barber,G (2005) Edmonton 2005}) 12... Qxd5 $17 {[%emt 0:00:07] White must now prevent ...e4.} 13. Ne3 Qd7 {[%emt 0:00:08] Black is more active.} 14. Nf5 e4 15. N3h4 {[%emt 0:00:30] White does not recover from this.} (15. dxe4 $17 Qxd1+ 16. Kxd1) 15... exd3 $19 {[%emt 0:00:06] [#] aiming for ...Ne4.} 16. Qf3 {[%emt 0:00:10] Inhibits Ne4.} (16. O-O {was necessary.} Ne4 17. Nf3) 16... Rae8+ 17. Kd1 $2 (17. Be3) 17... Ne5 18. Nxh6+ Kh7 (18... gxh6 $142 19. Qg2 Qe6) 19. Qf4 (19. Qf5+ $142 Qxf5 20. N6xf5) 19... Ng6 (19... Qd5 $142 20. Nf3 Nexg4) 20. Nxg6 fxg6 21. Bd2 Ne4 (21... Qd5 $142 22. Be3 Qxh1+ 23. Kd2 Qxa1 24. Qf3 Ne4+ 25. Qxe4 Bxe3+ 26. Qxe3 Qb1 27. f3 Qc2+ 28. Ke1 {[#]} Rxf3 $1 29. Qxe8 Qc1#) 22. Qg5 Nxg5 23. Bxg5 gxh6 {[%emt 0:00:02] Weighted Error Value: White=1.91/Black=1.28} 0-1